AoeStats
← Malelf

Arabia

509567580Analyzed
1v1 RM · 4d ago on Sep 27, 2026· 49m 56s· 2 players
Game mode
Random Map
Map size
Tiny (2 player)
Population
200
Speed
Normal
Resources
Standard
Victory
Conquest
Starting age
Dark Age
Ending age
Imperial Age
RankedLock teamsTeams togetherTeam positionsShared explorationLock speedFull tech treeHidden civsTurbo modeCheats
Victory
Defeat
🇮🇹 Portuguese · Italy
1654
+20
🇮🇹 Byzantines · Italy
1747
-20
Malelf
6:30 Loom
9:12 Feudal Age
9:17 Man-at-Arms
9:46 Double-Bit Axe
19:34 Castle Age
17:53 Gold Mining
18:03 Horse Collar
19:37 Wheelbarrow
20:59 Bow Saw
24:25 Scale Barding Armor
27:52 Ballistics
28:01 Pikeman
28:47 Scale Mail Armor
30:22 Heavy Plow
31:10 Chain Mail Armor
32:06 Hand Cart
36:12 Imperial Age
34:31 Forging
35:10 Long Swordsman
35:35 Gambesons
36:29 Iron Casting
35:50 Stone Mining
36:11 Town Watch
36:20 Two-Handed Swordsman
38:09 Two-Man Saw
37:13 Champion
37:52 Fletching
38:11 Arson
38:34 Halberdier
40:07 Bodkin Arrow
41:08 Plate Mail Armor
40:50 Bracer
41:54 Chemistry
43:05 Blast Furnace
42:05 Padded Archer Armor
42:43 Conscription
42:46 Masonry
43:58 Arquebus
44:17 Leather Archer Armor
44:34 Architecture
45:42 Ring Archer Armor
45:48 Bloodlines
45:38 Husbandry
44:59 Light Cavalry
46:02 Chain Barding Armor
46:36 Circumnavigation
46:13 Cavalier
47:17 Town Patrol
48:03 Crop Rotation
48:04 Siege Engineers
48:36 Plate Barding Armor
50:34 Guilds
Vitello Padano
5:57 Loom
8:55 Feudal Age
10:42 Double-Bit Axe
18:02 Fletching
22:34 Castle Age
21:04 Horse Collar
21:35 Padded Archer Armor
23:15 Bodkin Arrow
22:52 Elite Skirmisher
24:03 Husbandry
25:17 Gold Mining
27:37 Scale Barding Armor
30:15 Forging
30:25 Scale Mail Armor
31:34 Bow Saw
32:38 Gambesons
36:25 Wheelbarrow
39:30 Imperial Age
38:18 Chain Barding Armor
39:00 Iron Casting
41:28 Chemistry
41:54 Leather Archer Armor
Connection lost

Rejoining the realm…

Still unreachable

The connection could not be restored.

Session expired

The server has moved on; the page needs a fresh start.